 Dungeon Crawl Stone Soup version 0.30-a0-576-g89cddaab80 (webtiles) character file.

Game seed: 2436171455958444067

828 billz999 the Gusty (level 7, -3/51 HPs)
             Began as a Gnoll Air Elementalist on Dec 30, 2022.
             Was a Believer of Nemelex Xobeh.
             Slain by Prince Ribbit (9 damage)
             ... on level 5 of the Dungeon.
             The game lasted 00:10:19 (4953 turns).

billz999 the Gusty (Gnoll Air Elementalist)         Turns: 4953, Time: 00:10:20

Health: -3/51      AC:  3    Str:  8    XL:     7   Next: 97%
Magic:  3/15       EV: 14    Int: 16    God:    Nemelex Xobeh [**....]
Gold:   185        SH:  0    Dex: 12    Spells: 2/17 levels left

rFire   . . .      SeeInvis +    j - +0 war axe (venom)
rCold   . . .      Faith    +    (no shield)
rNeg    . . .      Spirit   .    a - +0 robe
rPois   .          Reflect  .    (no helmet)
rElec   .          Harm     .    (no cloak)
rCorr   .          Rampage  .    o - +0 pair of gloves
Will    .....                    (no boots)
Stlth   +++                      w - amulet of faith
HPRegen 0.28/turn                l - ring of flight
MPRegen 0.14/turn                t - ring of see invisible

@: about to teleport, flying
A: fangs 1, strong nose, distributed training
a: Renounce Religion, Draw Escape, Draw Destruction, Draw Summoning


You were on level 5 of the Dungeon.
You worshipped Nemelex Xobeh.
Nemelex Xobeh was pleased with you.
You visited 1 branch of the dungeon, and saw 5 of its levels.

You collected 185 gold pieces.

Inventory:

Hand Weapons
 d - a +0 dagger of venom
 j - a +0 war axe of venom (weapon)
Armour
 a - a +0 robe (worn)
 o - a +0 pair of gloves (worn)
Jewellery
 l - a ring of flight (left hand)
 m - an amulet of magic regeneration
 t - a ring of see invisible (right hand)
 w - an amulet of faith (around neck)
Wands
 g - a wand of digging (5)
Scrolls
 e - 4 scrolls of teleportation
 f - 2 scrolls of blinking {unknown}
 h - a scroll of noise {unknown}
 k - a scroll of vulnerability {unknown}
 p - 2 scrolls of identify
 u - a scroll of butterflies {unknown}
 v - a scroll of fog {unknown}
 x - a scroll of fear {unknown}
Potions
 b - a potion of magic
 c - 4 potions of ambrosia
 i - 2 potions of degeneration {unknown}
 n - a potion of mutation {unknown}
 q - a potion of brilliance {unknown}
 r - a potion of might
 s - a potion of curing {unknown}


   Skills:
 + Level 2.9 Fighting
 + Level 2.9 Short Blades
 + Level 2.9 Long Blades
 + Level 2.9 Axes
 + Level 2.9 Maces & Flails
 + Level 2.9 Polearms
 + Level 2.9 Staves
 + Level 2.9 Ranged Weapons
 + Level 2.9 Throwing
 + Level 2.9 Armour
 + Level 5.5 Dodging
 + Level 5.1 Stealth
 + Level 2.9 Shields
 + Level 2.9 Unarmed Combat
 + Level 5.8 Spellcasting
 + Level 3.2 Conjurations
 + Level 2.3 Hexes
 + Level 2.3 Summonings
 + Level 2.3 Necromancy
 + Level 2.3 Translocations
 + Level 2.3 Transmutations
 + Level 2.3 Fire Magic
 + Level 2.3 Ice Magic
 + Level 6.0 Air Magic
 + Level 2.3 Earth Magic
 + Level 2.3 Poison Magic
 + Level 3.2 Invocations
 + Level 2.9 Evocations


You had 2 spell levels left.
You knew the following spells:

 Your Spells              Type           Power      Damage    Failure   Level
a - Shock                 Conj/Air       76%        1d7       1%          1
b - Static Discharge      Conj/Air       38%        2-4/arc   3%          2
c - Poisonous Vapours     Pois/Air       36%        N/A       3%          2
d - Swiftness             Air            24%        N/A       3%          3
e - Mephitic Cloud        Conj/Pois/Air  17%        N/A       9%          3
f - Airstrike             Air            12%        2d(2-18)  12%         4

Your spell library contained the following spells:

 Spells                   Type           Power      Damage    Failure   Level
 Cigotuvi's Dreadful Rot  Necr/Pois/Air  32%        N/A       4%          2
 Ensorcelled Hibernation  Hex/Ice        24%        N/A       8%          2
 Spider Form              Tmut/Pois      12%        N/A       16%         3
 Anguish                  Hex/Necr       6%         N/A       45%         4


Dungeon Overview and Level Annotations

Branches:
Dungeon (5/15)             Temple (0/1) D:4

Altars:
Hepliaklqana
Makhleb
Nemelex Xobeh
Ru

Shops:
D:1 [   D:2 ?

Annotations:
D:4 3 runed translucent doors, Darkkill's ghost, amateur MiHu
D:5 Prince Ribbit


Innate Abilities, Weirdness & Mutations

You have very sharp teeth.
Your uncanny sense of smell can sniff out nearby items.
Your experience applies equally to all skills.


Message History

Prince Ribbit closely misses you.
You closely miss Prince Ribbit.
Prince Ribbit is lightly wounded.
Prince Ribbit hits you!
You barely miss Prince Ribbit.
Prince Ribbit is lightly wounded.
Prince Ribbit hits you! x2
* * * LOW HITPOINT WARNING * * *
Okay, then.
Prince Ribbit hits you.
* * * LOW HITPOINT WARNING * * *
You feel much better. Prince Ribbit hits you!
Prince Ribbit asks, "Just a little smooch?"
Prince Ribbit hits you!
* * * LOW HITPOINT WARNING * * *
Prince Ribbit misses you. Prince Ribbit attacks as you move away!
Prince Ribbit barely misses you.
You reach down and open the door.
Prince Ribbit hits you!
* * * LOW HITPOINT WARNING * * *
Prince Ribbit blinks!
As you read the scroll of teleportation, it crumbles to dust.
You feel strangely unstable.
Casting: Mephitic Cloud (dangerous; 9% risk of failure)
Confirm with . or Enter, or press ? or * to list all spells.
Okay, then.
Casting: Mephitic Cloud (dangerous; 9% risk of failure)
Confirm with . or Enter, or press ? or * to list all spells.
Aiming: Mephitic Cloud (dangerous; 9% risk of failure)
Press: ? - help, Shift-Dir - straight line, f/p - Prince Ribbit
Aim: Prince Ribbit (lightly wounded, chance to affect: 72%)
The ball explodes into a vile cloud!
The stinking cloud engulfs Prince Ribbit but does no damage.
Prince Ribbit is lightly wounded.
You hear a shout!
Prince Ribbit is engulfed in noxious fumes.
Prince Ribbit appears confused.
Prince Ribbit is engulfed in noxious fumes.
Prince Ribbit appears confused.
Prince Ribbit hits you!
You die...
Your body glows slightly and disappears.

#.# #<# #.# #.# ##### #.#
#...# #.# #...# #)# #...#
...####.#####...#######
..............§@'......
#.....#.#####○F.#######
#####.#.# ##○..# #.#.#
#..§.# #.### #.##### #.
####..§..# #. #....###.#
#### #. #.##.###.# .....
######.###.#...##.#......


You could see Prince Ribbit (confused).

Vanquished Creatures
  Sigmund (D:2)
  Edmund (D:4)
  An ogre (D:4)
  A sky beast (D:4)
  A phantom (D:4)
  Blork the orc (D:5)
  A hound (D:4)
  A jelly (D:4)
  Jessica (D:2)
  An iguana (D:4)
  5 adders
  A gnoll (D:5)
  3 dart slugs
  6 ball pythons
  12 endoplasms
  3 giant cockroaches
  10 goblins
  5 hobgoblins
  4 quokkas
  5 bats
  3 frilled lizards (D:1)
  5 kobolds
  8 rats
80 creatures vanquished.

Vanquished Creatures (others)
  2 fungi (D:4)
  7 plants
9 creatures vanquished.

Grand Total: 89 creatures vanquished

Notes
Turn   | Place    | Note
-------+----------+-------------------------------------------
     0 | D:1      | billz999 the Gnoll Air Elementalist began the quest for the
                  | Orb.
     0 | D:1      | Reached XP level 1. HP: 13/13 MP: 6/6
   192 | D:1      | Found Ytwaloj's Armour Emporium.
   196 | D:1      | Reached XP level 2. HP: 19/19 MP: 5/7
  1002 | D:1      | Reached skill level 5 in Spellcasting
  1002 | D:1      | Reached XP level 3. HP: 25/25 MP: 5/9
  1105 | D:1      | Learned a level 2 spell: Static Discharge
  1108 | D:1      | Learned a level 2 spell: Poisonous Vapours
  1112 | D:1      | Learned a level 3 spell: Swiftness
  1116 | D:1      | Learned a level 3 spell: Mephitic Cloud
  1510 | D:2      | Found Uxtoly's Magic Scroll Shop.
  1520 | D:2      | Reached skill level 1 in Invocations
  1621 | D:2      | Reached skill level 1 in Fighting
  1621 | D:2      | Reached skill level 1 in Short Blades
  1621 | D:2      | Reached skill level 1 in Long Blades
  1621 | D:2      | Reached skill level 1 in Axes
  1621 | D:2      | Reached skill level 1 in Maces & Flails
  1621 | D:2      | Reached skill level 1 in Polearms
  1621 | D:2      | Reached skill level 1 in Staves
  1621 | D:2      | Reached skill level 1 in Ranged Weapons
  1621 | D:2      | Reached skill level 1 in Throwing
  1621 | D:2      | Reached skill level 1 in Armour
  1621 | D:2      | Reached skill level 1 in Shields
  1621 | D:2      | Reached skill level 1 in Unarmed Combat
  1621 | D:2      | Reached skill level 1 in Evocations
  1841 | D:2      | Reached XP level 4. HP: 28/32 MP: 2/11
  2069 | D:2      | Noticed Sigmund
  2082 | D:2      | Killed Sigmund
  2083 | D:2      | Reached skill level 1 in Hexes
  2083 | D:2      | Reached skill level 1 in Summonings
  2083 | D:2      | Reached skill level 1 in Necromancy
  2083 | D:2      | Reached skill level 1 in Translocations
  2083 | D:2      | Reached skill level 1 in Transmutations
  2083 | D:2      | Reached skill level 1 in Fire Magic
  2083 | D:2      | Reached skill level 1 in Ice Magic
  2083 | D:2      | Reached skill level 1 in Earth Magic
  2083 | D:2      | Reached skill level 1 in Poison Magic
  2083 | D:2      | Reached XP level 5. HP: 16/38 MP: 12/12
  2083 | D:2      | Reached XP level 6. HP: 19/44 MP: 13/13
  2175 | D:2      | Noticed Jessica
  2182 | D:2      | Killed Jessica
  2183 | D:2      | Reached skill level 5 in Dodging
  2207 | D:2      | Found a faded altar of an unknown god.
  2276 | D:2      | Prayed at the altar of an unknown god.
  2276 | D:2      | Became a worshipper of Nemelex Xobeh the Trickster
  2276 | D:2      | Reached * piety under Nemelex Xobeh
  2276 | D:2      | Received a gift from Nemelex Xobeh
  2472 | D:2      | Learned a level 4 spell: Airstrike
  3037 | D:3      | Found a hazy altar of Hepliaklqana.
  3104 | D:4      | Reached ** piety under Nemelex Xobeh
  3146 | D:4      | Received a gift from Nemelex Xobeh
  3186 | D:4      | Found a sacrificial altar of Ru.
  3228 | D:4      | Noticed a sky beast
  3239 | D:4      | Killed a sky beast
  3246 | D:4      | Reached XP level 7. HP: 45/50 MP: 8/15
  3330 | D:4      | Found a staircase to the Ecumenical Temple.
  3664 | D:4      | Reached skill level 5 in Stealth
  3935 | D:4      | Noticed Edmund
  3947 | D:4      | Killed Edmund
  4088 | D:4      | Found a runed translucent gate.
  4088 | D:4      | Found a runed translucent gate.
  4088 | D:4      | Found a runed translucent gate.
  4094 | D:4      | Noticed Darkkill's ghost (amateur MiHu)
  4194 | D:5      | Entered Level 5 of the Dungeon
  4848 | D:5      | Found a burning altar of Makhleb.
  4854 | D:5      | Reached skill level 6 in Air Magic
  4898 | D:5      | Noticed Blork the orc
  4906 | D:5      | Noticed Prince Ribbit
  4912 | D:5      | Killed Blork the orc
  4953 | D:5      | Slain by Prince Ribbit

Illustrated notes

Levels and vault maps discovered:
D:1:      giann_bridges, layout_loops_corners, serial_rivers,
          chequers_serial_rivers_marsh, chequers_serial_rivers_micro_a,
          chequers_serial_rivers_micro_a, chequers_serial_rivers_small_a,
          serial_shops, shop, wander_ebering_terrifying_dragon_lair
D:2:      layout_rooms, dreamdust_ecumenical_altar_grove, serial_shops, shop,
          nicolae_concentric_dashed_squares_mild, uniq_jessica, uniq_sigmund
D:3:      wad_lake_hut, layout_basic, nzn_hepliaklqana_mist_gate,
          minmay_misc_feat_alley
D:4:      minmay_wonky_spiral, layout_loops_ring, lemuel_round_altar,
          minmay_temple_entry_large_hall, gammafunk_ghost_nasty_kobolds,
          uniq_edmund
D:5:      layout_basic, nicolae_overflow_crystal_walls, uniq_blork_the_orc,
          uniq_prince_ribbit1

Skill      XL: |  1  2  3  4  5  6  7 |
---------------+----------------------+-----
Conjurations   | 2 3 |  3.2
Spellcasting   | 5 |  5.8
Invocations    | 1 2 3 |  3.2
Fighting       | 1 2 |  2.9
Short Blades   | 1 2 |  2.9
Long Blades    | 1 2 |  2.9
Axes           | 1 2 |  2.9
Maces & Flails | 1 2 |  2.9
Polearms       | 1 2 |  2.9
Staves         | 1 2 |  2.9
Ranged Weapons | 1 2 |  2.9
Throwing       | 1 2 |  2.9
Armour         | 1 2 |  2.9
Shields        | 1 2 |  2.9
Unarmed Combat | 1 2 |  2.9
Evocations     | 1 2 |  2.9
Hexes          | 1 2 |  2.3
Summonings     | 1 2 |  2.3
Necromancy     | 1 2 |  2.3
Translocations | 1 2 |  2.3
Transmutations | 1 2 |  2.3
Fire Magic     | 1 2 |  2.3
Ice Magic      | 1 2 |  2.3
Earth Magic    | 1 2 |  2.3
Poison Magic   | 1 2 |  2.3
Dodging        | 5 |  5.5
Stealth        | 5 |  5.1
Air Magic      | 6 |  6.0

Action                   |  1- 3 |  4- 6 |  7- 9 || total
-------------------------+-------+-------+-------++-------
Melee: Dagger            |    10 |     3 |       ||    13
       War axe           |       |     8 |     7 ||    15
       Bite              |       |     1 |       ||     1
       Unarmed           |       |       |     1 ||     1
 Cast: Shock             |    65 |    41 |    19 ||   125
       Poisonous Vapours |    13 |    29 |    22 ||    64
       Mephitic Cloud    |       |     2 |     4 ||     6
       Airstrike         |       |     1 |     1 ||     2
       Static Discharge  |       |       |     1 ||     1
  Use: Scroll            |     2 |       |     1 ||     3
       Potion            |       |     4 |     1 ||     5
 Stab: Confused          |       |       |     2 ||     2
Armor: Robe              |     4 |     3 |     1 ||     8
Dodge: Dodged            |    13 |    13 |    12 ||    38

Table legend: (Time is in decaauts)
 A = Elapsed time spent in this place.
 B = Non-inter-level travel time spent in this place.
 C = Inter-level travel time spent in this place.
 D = Time resting spent in this place.
 E = Time spent auto-exploring this place.
 F = Levels seen in this place.
 G = Mean time per level.
                   A        B        C        D        E       F      G
               +--------+--------+--------+--------+--------+-----+--------+
         Total |   4937 |   4776 |    161 |    842 |   3404 |   5 |  987.4 |
       Dungeon |   4937 |   4776 |    161 |    842 |   3404 |   5 |  987.4 |
               +--------+--------+--------+--------+--------+-----+--------+

Top non-repeatable levels by time:
     D:1: 1512 daAuts
     D:4: 1094 daAuts
     D:2: 988 daAuts
     D:5: 758 daAuts
     D:3: 585 daAuts
